 Dungeon Crawl Stone Soup version 0.18.1-1-g2f07953 (webtiles) character file.

9361 MDvedh the Grappler (level 11, -8/101 HPs)
             Began as a Troll Monk on May 7, 2016.
             Was the Champion of Makhleb.
             Mangled by a two-headed ogre
             ... wielding a +0 giant spiked club
              (16 damage)
             ... on level 2 of the Orcish Mines.
             The game lasted 00:18:56 (8720 turns).

MDvedh the Grappler (Troll Monk)                    Turns: 8720, Time: 00:18:56

Health: -8/101     AC: 10    Str: 24    XL:     11   Next: 22%
Magic:  0/15       EV: 11    Int:  6    God:    Makhleb [******]
Gold:   576        SH:  0    Dex: 12    Spells: 0 memorised, 10 levels left

rFire  . . .     SeeInvis .       - Unarmed
rCold  + . .     Gourm    +     a - +0 robe
rNeg   + . .     Faith    .     (no shield)
rPois  .         Spirit   +     (helmet restricted)
rElec  .         Dismiss  .     E - +1 cloak
rCorr  .         Reflect  .     (gloves unavailable)
SustAt .         Harm     .     (boots unavailable)
MR     .....     Rnd*Rage +     x - amulet of guardian spirit
Stlth  +++.......               h - ring of stealth
                                d - ring of positive energy

@: very slightly contaminated, not resistant to hostile enchantments, fairly
stealthy
A: unfitting armour, claws 3, icy blue scales 1, slimy green scales 1, berserk
1, cold resistance 1, fast metabolism 3, gourmand, regeneration 2, shaggy fur 1,
tough skin 2
a: Minor Destruction, Lesser Servant of Makhleb, Major Destruction, Greater
Servant of Makhleb, Renounce Religion


You were on level 2 of the Orcish Mines.
You worshipped Makhleb.
Makhleb was exalted by your worship.
You were very full.

You visited 2 branches of the dungeon, and saw 12 of its levels.
You also visited: Ossuary.

You collected 724 gold pieces.
You spent 148 gold pieces at shops.

Inventory:

Armour
 a - a +0 robe (worn)
 E - a +1 cloak (worn)
Jewellery
 d - a ring of positive energy (left claw)
 h - a ring of stealth (right claw)
 m - an uncursed ring of flight
 u - an uncursed ring of stealth
 x - an amulet of guardian spirit (around neck)
 y - an uncursed amulet of dismissal
Wands
 q - a wand of enslavement (13/24)
 A - a wand of flame (23/48)
 D - a wand of iceblast (7/15)
Scrolls
 c - 3 scrolls of remove curse
 f - a scroll of fear
 n - a scroll of torment
 z - a scroll of enchant weapon
 G - a scroll of vulnerability {unknown}
 H - a scroll of summoning
Potions
 e - 8 potions of haste
 i - 4 potions of brilliance
 k - 2 potions of cancellation
 l - 2 potions of might
 s - 2 potions of agility {unknown}
 B - a potion of magic {unknown}
 C - 2 potions of lignification {unknown}
 F - a potion of ambrosia {unknown}
Books
 w - a book of Fire

   Spells                             Type                      Level
   a - Ignite Poison                  Fire/Transmutation/Poison    3
   b - Fireball                       Conjuration/Fire             5
   c - Bolt of Fire                   Conjuration/Fire             6
   d - Delayed Fireball               Conjuration/Fire             7
   e - Ring of Flames                 Charms/Fire                  7
Comestibles
 b - 7 bread rations
 g - a meat ration
 j - 26 fruits
 v - 2 beef jerkies


   Skills:
 - Level 4.6 Fighting
 - Level 3.6 Armour
 - Level 4.5 Dodging
 - Level 1.1 Stealth
 + Level 13.4 Unarmed Combat
 + Level 7.6 Invocations


You had 10 spell levels left.
You didn't know any spells.

Dungeon Overview and Level Annotations

Branches:
Dungeon (10/15)            Temple (0/1) D:4            Lair (0/8) D:10
    Orc (1/2) D:9

Altars:
Cheibriados
Fedhas
Gozag
Kikubaaqudgha
Makhleb
Nemelex Xobeh
Pakellas
Qazlal
Sif Muna
Trog
Vehumet
Yredelemnul
Zin
Beogh

Shops:
D:7 *   D:10 =   Orc:2 %

Annotations:
Orc:2 BrandedWarrior's ghost, journeyman KoHu


Innate Abilities, Weirdness & Mutations

You are too large for most types of armour.
You have claws for hands.
Your metabolism is lightning-fast.
You like to eat raw meat.
You heal very quickly.
You are covered in fur (AC +1).
You have very tough skin (AC +2).
You are partially covered in icy blue scales (AC +1).
You are partially covered in slimy green scales (AC +2).
You tend to lose your temper in combat.
Your flesh is cold resistant.


Message History

You don't have any such object.
Read which item? (? for menu, Esc to quit)
Okay, then.
Read which item? (? for menu, Esc to quit)
As you read the scroll of teleportation, it crumbles to dust.
You feel strangely unstable.
A troll comes into view.
An ogre and a troll come into view.
Your surroundings suddenly seem different.
Found 20 gold pieces.
The stone giant shouts!
Found 13 gold pieces.
The two-headed ogre shouts in stereo!
The two-headed ogre closely misses you.
The two-headed ogre hits you with a giant club!!
* * * LOW HITPOINT WARNING * * *
You claw the two-headed ogre!
The two-headed ogre is moderately wounded.
The two-headed ogre hits you with a giant spiked club!
You die...

..........#
........##
.........#
.......C##
........#
........##
.........#
.......O.#
......#@##
..#..####
#####


You could see a stone giant and a two-headed ogre.

Vanquished Creatures
  2 hill giants (D:10)
  The ghost of CcS the Cleaver, a novice MiBe of Trog (D:8)
  A gargoyle (D:10)
  2 trolls
  A two-headed ogre (D:9)
  Grinder (D:3)
  A spriggan (D:7)
  3 yaks (D:9)
  2 hungry ghosts
  Menkaure (Ossuary)
  A warg (Orc:2)
  12 orc warriors
  3 ice beasts
  A sky beast (D:10)
  A phantom (D:5)
  8 ogres
  6 centaurs
  8 giant frogs
  A wyvern zombie (D:7)
  A water moccasin zombie (D:10)
  4 scorpions
  A troll zombie (Ossuary)
  4 killer bees (D:8)
  3 howler monkeys
  2 centaur zombies (Ossuary)
  A crimson imp (D:6)
  A giant frog zombie (D:7)
  2 centaur skeletons
  A jelly (D:5)
  8 orc priests
  A wasp zombie (D:6)
  A giant frog skeleton (D:9)
  5 hounds
  8 orc wizards
  Jessica (D:3)
  Terence (D:3)
  4 iguanas
  7 worker ants
  2 ogre zombies (Ossuary)
  A hound skeleton (D:4)
  A hound zombie (D:5)
  5 mummies (Ossuary)
  2 worker ant zombies
  9 adders
  4 shadow imps
  2 adder skeletons (D:7)
  3 adder zombies
  A worm (D:6)
  2 dart slugs
  5 giant geckos
  50 orcs
  2 giant cockroaches (D:2)
  2 gnoll zombies (Ossuary)
  10 hobgoblins
  3 quokkas
  A ball python (D:4)
  7 bats
  6 giant newts
  11 goblins
  5 goblin zombies (Ossuary)
  4 hobgoblin zombies (Ossuary)
  8 kobolds
  5 kobold zombies (Ossuary)
  2 orc zombies (Ossuary)
  A quokka skeleton (D:6)
  3 quokka zombies (Ossuary)
  7 rats
276 creatures vanquished.

Vanquished Creatures (collateral kills)
  A quokka zombie (D:7)
1 creature vanquished.

Grand Total: 277 creatures vanquished

Notes
Turn   | Place    | Note
--------------------------------------------------------------
     0 | D:1      | MDvedh the Troll Monk began the quest for the Orb.
     0 | D:1      | Reached XP level 1. HP: 22/22 MP: 0/0
   288 | D:1      | Reached XP level 2. HP: 28/29 MP: 1/1
   771 | D:2      | Reached skill level 5 in Unarmed Combat
   774 | D:2      | Reached XP level 3. HP: 33/36 MP: 2/2
   796 | D:2      | Found an oddly glowing altar of Pakellas.
   833 | D:2      | Found a deep blue altar of Sif Muna.
  1262 | D:3      | Noticed Grinder
  1273 | D:3      | Killed Grinder
  1273 | D:3      | Reached skill level 7 in Unarmed Combat
  1273 | D:3      | Reached XP level 4. HP: 7/44 MP: 3/3
  1273 | D:3      | Reached XP level 5. HP: 7/50 MP: 4/4
  1450 | D:3      | Reached XP level 6. HP: 47/59 MP: 5/5
  1496 | D:3      | Found an ancient bone altar of Kikubaaqudgha.
  1508 | D:3      | Noticed Jessica
  1535 | D:3      | Found a sparkling altar of Nemelex Xobeh.
  1641 | D:3      | Killed Jessica
  1670 | D:3      | Noticed Terence
  1679 | D:3      | Killed Terence
  1853 | D:4      | Found a staircase to the Ecumenical Temple.
  2002 | D:4      | Found a blossoming altar of Fedhas.
  2007 | D:4      | Found a stormy altar of Qazlal.
  2156 | D:4      | Found an opulent altar of Gozag.
  2156 | D:4      | Found a bloodstained altar of Trog.
  2295 | D:4      | Found a glowing silver altar of Zin.
  2300 | D:4      | Reached skill level 8 in Unarmed Combat
  2523 | D:4      | Found a burning altar of Makhleb.
  2678 | D:4      | Became a worshipper of Makhleb the Destroyer
  2678 | D:4      | Reached * piety under Makhleb
  2678 | D:4      | Reached ** piety under Makhleb
  2716 | D:5      | Entered Level 5 of the Dungeon
  2750 | D:5      | Reached XP level 7. HP: 45/66 MP: 6/6
  2814 | D:5      | Reached skill level 9 in Unarmed Combat
  2815 | D:5      | Found a burning altar of Makhleb.
  3416 | D:6      | Reached skill level 1 in Armour
  3437 | D:6      | Reached XP level 8. HP: 40/74 MP: 7/7
  3578 | D:6      | Found a snail-covered altar of Cheibriados.
  3696 | D:6      | Reached skill level 10 in Unarmed Combat
  3731 | D:6      | Reached *** piety under Makhleb
  4039 | D:7      | Found a sand-covered staircase.
  4050 | Ossuary  | Entered an ossuary
  4317 | Ossuary  | Reached **** piety under Makhleb
  4365 | Ossuary  | Noticed Menkaure
  4385 | Ossuary  | Killed Menkaure
  4385 | Ossuary  | Reached XP level 9. HP: 38/84 MP: 4/8
  4499 | Ossuary  | Gained mutation: You are partially covered in iridescent scales (AC +4). [potion of mutation]
  4499 | Ossuary  | Gained mutation: You are partially covered in slimy green scales (AC +2). [potion of mutation]
  4499 | Ossuary  | Lost mutation: You are partially covered in iridescent scales (AC +4). [potion of mutation]
  4500 | Ossuary  | Gained mutation: You are partially covered in icy blue scales (AC +1). [potion of mutation]
  4500 | Ossuary  | Gained mutation: You tend to lose your temper in combat. [potion of mutation]
  4508 | Ossuary  | Gained mutation: Your flesh is cold resistant. [potion of mutation]
  4622 | D:7      | Found Suskiphe's General Store.
  4625 | D:7      | Bought a scroll of identify for 22 gold pieces
  4625 | D:7      | Bought a scroll of identify for 22 gold pieces
  4625 | D:7      | Bought a scroll of identify for 22 gold pieces
  4625 | D:7      | Bought a scroll of torment for 82 gold pieces
  4753 | D:7      | Found a radiant altar of Vehumet.
  5486 | D:8      | Reached skill level 1 in Invocations
  5516 | D:8      | Reached skill level 11 in Unarmed Combat
  5582 | D:8      | Reached ***** piety under Makhleb
  5885 | D:8      | Noticed CcS's ghost (novice MiBe)
  5904 | D:8      | Killed CcS's ghost
  6014 | D:8      | Reached XP level 10. HP: 89/94 MP: 9/11
  6729 | D:9      | Reached skill level 12 in Unarmed Combat
  6909 | D:9      | Reached skill level 5 in Invocations
  6966 | D:9      | Found a roughly hewn altar of Beogh.
  6966 | D:9      | Found a staircase to the Orcish Mines.
  7085 | D:9      | Found a basalt altar of Yredelemnul.
  7889 | D:10     | Entered Level 10 of the Dungeon
  7898 | D:10     | Found a staircase to the Lair.
  8004 | D:10     | Noticed a gargoyle
  8014 | D:10     | Killed a gargoyle
  8087 | D:10     | Noticed a hill giant
  8089 | D:10     | Noticed a hill giant
  8094 | D:10     | Killed a hill giant
  8094 | D:10     | Reached skill level 13 in Unarmed Combat
  8094 | D:10     | Reached XP level 11. HP: 89/101 MP: 9/15
  8101 | D:10     | Killed a hill giant
  8300 | D:10     | Found Qeilux's Jewellery Shoppe.
  8346 | Orc:1    | Entered Level 1 of the Orcish Mines
  8353 | Orc:1    | Reached ****** piety under Makhleb
  8385 | Orc:1    | Found a roughly hewn altar of Beogh.
  8389 | Orc:1    | You fall through a shaft!
  8389 | Orc:2    | Entered Level 2 of the Orcish Mines
  8480 | Orc:2    | Noticed a stone giant
  8569 | Orc:2    | Noticed BrandedWarrior's ghost (journeyman KoHu)
  8648 | Orc:2    | HP: 5/101 [BrandedWarrior's ghost (13)]
  8685 | Orc:2    | HP: 3/101 [BrandedWarrior's ghost (12)]
  8686 | Orc:2    | HP: 1/101 [BrandedWarrior's ghost (3)]
  8690 | Orc:2    | Found Viciesch's Food Emporium.
  8715 | Orc:2    | HP: 5/101 [two-headed ogre/giant spiked club (15)]
  8720 | Orc:2    | Mangled by a two-headed ogre

Skill      XL: |  1  2  3  4  5  6  7  8  9 10 |
---------------+-------------------------------+-----
Unarmed Combat | 5 7 8 9 10 11 13 | 13.4
Armour         | 1 2 3 |  3.6
Dodging        | 4 |  4.5
Fighting       | 4 |  4.6
Invocations    | 3 7 |  7.6
Stealth        | |  1.1

Action                   |  1- 3 |  4- 6 |  7- 9 | 10-12 || total
-------------------------+-------+-------+-------+-------++-------
Melee: Unarmed           |   107 |    62 |   324 |   364 ||   857
       Punch             |       |     2 |    15 |    20 ||    37
  Use: Scroll            |     1 |     6 |    13 |     9 ||    29
       Potion            |       |       |     3 |     9 ||    12
 Stab: Sleeping          |       |     2 |    15 |     4 ||    21
       Distracted        |       |       |     2 |       ||     2
  Eat: Chunk             |    16 |     6 |    20 |    43 ||    85
       Bread ration      |       |       |     2 |       ||     2
       Beef jerky        |       |       |     1 |       ||     1
Armor: Robe              |    32 |    11 |    54 |    95 ||   192
Dodge: Dodged            |    59 |    21 |   120 |   143 ||   343
